 Dungeon Crawl Stone Soup version 0.27-a0-1317-gd1140b374c (webtiles) character file.

Game seed: 8608226613392286792

55 DeathSun the Chopper (level 3, -5/31 HPs)
             Began as a Hill Orc Fighter on June 21, 2021.
             Was a Follower of Yredelemnul.
             Killed from afar by a goblin (8 damage)
             ... with a puff of flame
             ... on level 2 of the Dungeon.
             The game lasted 00:03:48 (1473 turns).

DeathSun the Chopper (Hill Orc Fighter)             Turns: 1473, Time: 00:03:49

Health: -5/31      AC:  6    Str: 19    XL:     3   Next: 93%
Magic:  4/4        EV:  7    Int:  8    God:    Yredelemnul [*.....]
Gold:   16         SH:  9    Dex: 10    Spells: 2/2 levels left

rFire    . . .     SeeInvis .   a - +0 war axe
rCold    . . .     Faith    .   c - +0 kite shield
rNeg     . . .     Spirit   .   b - +0 scale mail
rPois    .         Reflect  .   (no helmet)
rElec    .         Harm     .   (no cloak)
rCorr    .         Rampage  .   (no gloves)
Will     .....                  (no boots)
Stlth    ..........             (no amulet)
HPRegen  0.10/turn              (no ring)
MPRegen  0.09/turn              (no ring)

@: no status effects
A: no striking features
a: Renounce Religion, Animate Remains


You were on level 2 of the Dungeon.
You worshipped Yredelemnul.
Yredelemnul was aware of your devotion.
You visited 1 branch of the dungeon, and saw 2 of its levels.

You collected 16 gold pieces.

Inventory:

Hand Weapons
 a - a +0 war axe (weapon)
Armour
 b - a +0 scale mail (worn)
 c - a +0 kite shield (worn)
 f - a +0 chain mail
Scrolls
 g - a scroll of teleportation {unknown}
 i - a scroll of enchant weapon {unknown}
 j - a scroll of identify {unknown}
Potions
 d - a potion of might
 e - a potion of cancellation {unknown}
 h - a potion of curing {unknown}


   Skills:
 - Level 3.6 Fighting
 * Level 5.1 Axes
 - Level 3.2 Armour
 - Level 3.2 Shields
 + Level 1.4 Invocations


You had 2 spell levels left.
You didn't know any spells.
Your spell library was empty.

Dungeon Overview and Level Annotations

Branches:
Dungeon (2/15)

Altars:
Yredelemnul


Message History

The adder is heavily wounded.
You feel sick. The adder barely misses you.
The adder bites you but does no damage.
You closely miss the adder.
The adder is heavily wounded.
You feel sick. The adder bites you but does no damage.
You block the adder's attack.
Your shield and scale mail prevent you from hitting the adder.
The adder is heavily wounded.
You feel sick. The adder completely misses you. The adder bites you.
You slash the adder!
You kill the adder!
Yredelemnul accepts your kill.
You feel sick.
You are no longer poisoned.
You block the quokka's attack.
Your Axes skill increases to level 5!
You are too injured to fight recklessly!
You are too injured to fight recklessly!
You are too injured to fight recklessly!
You are too injured to fight recklessly!
You slash the quokka!
You kill the quokka!
Yredelemnul accepts your kill.
The goblin zaps a wand.
The puff of flame misses you.
You barely miss the goblin.
The goblin zaps a wand.
You block the puff of flame.
Your shield and scale mail prevent you from hitting the goblin.
The goblin zaps a wand.
The puff of flame hits you!
* * * LOW HITPOINT WARNING * * *
The goblin hits you with a +0 club.
* * * LOW HITPOINT WARNING * * *
You completely miss the goblin. The goblin hits you but does no damage.
Unknown command.
The goblin zaps a wand.
The puff of flame misses you.
The goblin zaps a wand.
The puff of flame hits you.
* * * LOW HITPOINT WARNING * * *
The goblin zaps a wand.
The puff of flame hits you!
You die...
Your body rises from the dead as a mindless zombie.

#..... ########.#### #.....##.#
#.###.##.# #.# #.##.# # #.#
#[##.# ## ###############
#.###....###.
...<..........#######.S.........#
.############...@...gS###.######.
......# #.#######.# #.# ##
.PP.P.# #.........# #S# # .P...P#
#.#######.# #.####### ≈.⌠..≈#
#...# #.# #lS...... ≈⌠....# ###.#
#.# #g####### ..⌠.PP#########.#
#.# #l##.....
.(...P>.........#####.# #.w....#.
Z...P.#########.......# #......#.


You could see an adder, a goblin and a ball python.

Vanquished Creatures
  2 adders (D:2)
  A worm (D:2)
  2 dart slugs
  2 endoplasms
  2 giant cockroaches (D:1)
  4 hobgoblins
  3 jackals (D:1)
  3 quokkas
  A ball python (D:1)
  3 bats (D:1)
  2 frilled lizards
  A kobold (D:1)
  3 rats
29 creatures vanquished.

Vanquished Creatures (collateral kills)
  A giant cockroach (D:2)
1 creature vanquished.

Vanquished Creatures (others)
  An adder zombie (D:2)
  2 fungi (D:2)
  8 plants (D:2)
11 creatures vanquished.

Grand Total: 41 creatures vanquished

Notes
Turn   | Place    | Note
-------+----------+-------------------------------------------
     0 | D:1      | DeathSun the Hill Orc Fighter began the quest for the Orb.
     0 | D:1      | Reached XP level 1. HP: 19/19 MP: 1/1
    28 | D:1      | Reached skill level 3 in Axes
   132 | D:1      | Reached XP level 2. HP: 22/26 MP: 2/2
   333 | D:1      | Reached skill level 4 in Axes
   917 | D:2      | Found a faded altar of an unknown god.
   926 | D:2      | Became a worshipper of Yredelemnul the Dark
   926 | D:2      | Reached * piety under Yredelemnul
   941 | D:2      | Reached XP level 3. HP: 20/31 MP: 3/3
  1186 | D:2      | Reached skill level 1 in Invocations
  1456 | D:2      | Reached skill level 5 in Axes
  1473 | D:2      | Killed from afar by a goblin

Illustrated notes

Levels and vault maps discovered:
D:1:      kennysheep_arrival_forest, layout_loops_cross
D:2:      kennysheep_big_flooded_room, layout_loops_ring,
          shapermc_ecumenical_altar_mp_ritualfount

Skill      XL: |  1  2  3 |
---------------+----------+-----
Axes           | 3 4 5 |  5.1
Invocations    | 1 |  1.4
Fighting       | |  3.6
Armour         | |  3.2
Shields        | |  3.2

Action                   || total
-------------------------++-------
Melee: War axe           ||   101
Invok: Animate Remains   ||     1
Armor: Scale mail        ||    46
Dodge: Dodged            ||    40
Block: Kite shield       ||    57

Table legend: (Time is in decaauts)
 A = Elapsed time spent in this place.
 B = Non-inter-level travel time spent in this place.
 C = Inter-level travel time spent in this place.
 D = Time resting spent in this place.
 E = Time spent auto-exploring this place.
 F = Levels seen in this place.
 G = Mean time per level.
                   A        B        C        D        E       F      G
               +--------+--------+--------+--------+--------+-----+--------+
         Total |   1526 |   1475 |     51 |    168 |   1012 |   2 |  763.0 |
       Dungeon |   1526 |   1475 |     51 |    168 |   1012 |   2 |  763.0 |
               +--------+--------+--------+--------+--------+-----+--------+

Top non-repeatable levels by time:
     D:1: 929 daAuts
     D:2: 597 daAuts
